Map: Prion Terraces

Players

LilDicky - Winner!

  • Race: Terran Terran
  • League: Diamond

CptZero

  • Race: Protoss Protoss

VOD

http://www.twitch.tv/tumescentpie

Description

Time

  • Played on: Nov. 28, 2015, 2:42 a.m.
  • Length: 4:37
Show
View Real Time Build Order
Export as new Build Order

LilDicky Terran - Winner!

Build Orders:  

Get SALT Encoding   

  12  0:01  SCV  
  13  0:13  SCV  
  14  0:17  Supply Depot  
  14  0:25  SCV  
  15  0:39  SCV  
  15  0:41  Refinery  
  16  0:47  Barracks  
  16  0:51  SCV  
  17  1:03  SCV  
  18  1:15  SCV  
  19  1:31  SCV  
  20  1:34  Supply Depot  
  20  1:44  Factory  
  20  1:45  Marine  
  21  1:50  SCV  
  22  2:02  Orbital Command  
  22  2:03  Barracks  
  22  2:05  Barracks  
  22  2:06  Marine  
  23  2:18  Refinery  
  23  2:30  Barracks Reactor  
  23  2:35  SCV  
  24  2:47  SCV  
  24  2:49  Barracks Tech Lab  
  25  2:52  Barracks Tech Lab  
  25  2:53  Widow Mine  
  25  2:54  Supply Depot  
  26  3:07  Marine x2  
  28  3:13  Marine x2  
  28  3:15  Supply Depot  
  30  3:24  Marine, Widow Mine  
  33  3:34  Marine, Marauder  
  35  3:35  Marine  
  35  3:41  Supply Depot  
  37  3:42  SCV  
  37  3:45  Marine  
  39  3:54  SCV  
  38  4:05  Widow Mine  
  38  4:07  SCV, Marauder, Marine x2  
  45  4:11  Marine  
  46  4:17  Starport  
Show
View Real Time Build Order
Export as new Build Order

CptZero Protoss 

Build Orders: Dark Templar Rush 

Get SALT Encoding   

  12  0:01  Probe (Chrono Boost)  
  13  0:12  Probe (Chrono Boost)  
  14  0:18  Pylon  
  14  0:22  Probe (Chrono Boost)  
  15  0:31  Assimilator  
  15  0:39  Gateway  
  15  0:43  Probe (Chrono Boost)  
  16  0:54  Probe (Chrono Boost)  
  17  1:04  Probe (Chrono Boost)  
  18  1:13  Assimilator  
  18  1:15  Probe (Chrono Boost), Pylon  
  20  1:25  Probe (Chrono Boost)  
  20  1:28  Cybernetics Core  
  20  1:36  Probe (Chrono Boost)  
  20  1:39  Pylon  
  21  1:47  Probe (Chrono Boost)  
  22  1:57  Probe (Chrono Boost)  
  23  2:08  Mothership Core (Chrono Boost)  
  25  2:10  Twilight Council  
  25  2:12  Warp Gate (Chrono Boost)  
  25  2:24  Pylon  
  25  2:35  Pylon  
  25  2:47  Dark Shrine  
  25  2:53  Pylon  
  25  3:13  Gateway x2  
  25  3:17  Gateway  
  25  3:25  Gateway  
  20  3:44  Forge  
  18  4:19  Photon Cannon  
Tags
 
Add a new tag
Caveats
  • Supply blocks, unpowered buildings, or Contaminate may cause inaccurate times.
  • Supply counts are checked every 10 seconds.